[Event "23rd ETCC Women 2021"]
[Site "Catez"]
[Date "2021.11.13"]
[Round "2.15"]
[White "Gaponenko, Inna"]
[Black "Ratsma, Rosa"]
[Result "1-0"]
[ECO "B90"]
[WhiteElo "2339"]
[BlackElo "2272"]
[Annotator "NA"]
[PlyCount "85"]
[EventDate "2021.11.08"]
[EventType "team-tourn"]
[EventCountry "SLO"]
[SourceTitle "playchess.com"]
[Source "ChessBase"]
[SourceQuality "1"]
[WhiteTeam "Ukraine"]
[BlackTeam "Netherlands"]
[WhiteTeamCountry "UKR"]
[BlackTeamCountry "NED"]
[TimeControl "40/5400+30:1800+30"]

1. e4 c5 2. Nf3 d6 3. d4 cxd4 4. Nxd4 Nf6 5. Nc3 a6 6. h3 e5 7. Nb3 Be7 8. Be3 h6 9. Bc4 Qc7 10. Bd5 Be6 11. O-O g5 12. Nc1 Nbd7 13.
N1e2 Nb6 14. Ng3 O-O-O 15. Bxb6 Qxb6 16. Nf5 Rd7 17. Na4 Qc7 18. c4 Bxf5 19. exf5 Nxd5 20. Qxd5 Bf6 21. Nc3 Qc6 22. Rad1 Bd8 23. Ne4 Kc7 24. b4 f6 25. Qd3 h5 26. b5 axb5 27. cxb5 Qb6 28. Nc3 Kb8 29. Nd5 Qa5 30. Rc1 g4 31. Rc3 Qa4 32. b6 e4 33.
Rfc1 Bxb6 34. Nxb6 exd3 35. Nxa4 gxh3 36. Rxd3 hxg2 37. Kxg2 Rg8+ 38. Kh3 Rc7 39. Rxc7 Kxc7 40. Nc3 Kc6 41. Ne4 Rg4 42. Rc3+ Kb5 43. f3 1-0

[Event "23rd ETCC Women 2021"]
[Site "Catez"]
[Date "2021.11.13"]
[Round "2.16"]
[White "Van Foreest, Machteld"]
[Black "Zhukova, Natalia"]
[Result "0-1"]
[ECO "C58"]
[WhiteElo "2141"]
[BlackElo "2331"]
[Annotator "ChessBase"]
[PlyCount "170"]
[EventDate "2021.11.08"]
[EventType "team-tourn"]
[EventCountry "SLO"]
[SourceTitle "playchess.com"]
[Source "ChessBase"]
[SourceQuality "1"]
[WhiteTeam "Netherlands"]
[BlackTeam "Ukraine"]
[WhiteTeamCountry "NED"]
[BlackTeamCountry "UKR"]
[TimeControl "40/5400+30:1800+30"]

1. e4 e5 2. Nf3 Nc6 3. Bc4 Nf6 4. Ng5 d5 5. exd5 Na5 6.
Bb5+ c6 7. dxc6 bxc6 8. Qf3 Be7 9. Bd3 h6 10. Ne4 Nd5 11.
Ng3 g6 12. O-O Nf4 13. b4 Nxd3 14. cxd3 Bxb4 15. Bb2 Bd6 16. Ne4 Bc7 17. Nf6+ Kf8 18. Nc3 Ba6 19. Nce4 Qxd3 20. Qxd3 Bxd3 21. Rfe1 Nc4 22. Bc3 Kg7 23. Nd7 Rhd8 24. Nef6 Bf5 25. d3 Ba5 26. Bxa5 Nxa5 27. Rxe5 Bxd7 28. Nxd7 Rxd7 29. Rxa5 Rxd3 30. Re1 Re8 31.
Kf1 Rxe1+ 32. Kxe1 Rd7 33. Rc5 Rc7 34. Kd2 Kf6 35. Kd3 Ke6 36.
Rc2 Kd5 37. Kc3 c5 38. Rd2+ Kc6 39. Kc4 Rb7 40. Re2 Rd7 41. Rb2 Rd1 42. Re2 Rc1+ 43. Kd3 Rd1+ 44. Kc4 Rd4+ 45. Kc3 a5 46. Re7 Rf4 47. f3 h5 48. Ra7 Kb6 49. Ra8 h4 50. Rh8 Kb5 51. Kb3 Kc6 52. Kc3 Ra4 53.
Kb3 Rb4+ 54. Kc3 Rf4 55. Kb3 Kd5 56. Kc3 Ra4 57. Kb3 Rb4+ 58.
Kc3 Rd4 59. Rd8+ Ke5 60. Rc8 Ra4 61. Kb3 Rb4+ 62. Kc3 Kd6 63.
Ra8 a4 64. Ra6+ Kd5 65. g3 h3 66. Ra8 Rb1 67. Rd8+ Ke6 68.
Re8+ Kd6 69. Rd8+ Ke7 70. Rh8 Rf1 71. Rxh3 Rxf3+ 72. Kc2 Rf2+ 73. Kb1 g5 74. Rh5 f6 75. h4 g4 76. Rh7+ Ke6 77. Rg7 f5 78. Rg6+ Ke5 79. Rc6 Kd4 80. Rd6+ Kc3 81. Rd1 f4 82. Rc1+ Kd4 83. Rd1+ Ke3 84. h5 fxg3 85. h6 Rh2 0-1

[Event "23rd ETCC Women 2021"]
[Site "Catez"]
[Date "2021.11.13"]
[Round "2.17"]
[White "Cramling, Pia"]
[Black "Mammadzada, Gunay"]
[Result "0-1"]
[ECO "D45"]
[WhiteElo "2457"]
[BlackElo "2459"]
[Annotator "ChessBase"]
[PlyCount "80"]
[EventDate "2021.11.08"]
[EventType "team-tourn"]
[EventCountry "SLO"]
[SourceTitle "playchess.com"]
[Source "ChessBase"]
[SourceQuality "1"]
[WhiteTeam "Sweden"]
[BlackTeam "Azerbaijan"]
[WhiteTeamCountry "SWE"]
[BlackTeamCountry "AZE"]
[TimeControl "40/5400+30:1800+30"]

1. d4 d5 2. c4 c6 3. Nf3 Nf6 4. Nc3 e6 5. e3 Nbd7 6. Ne5 Bb4 7. Bd2 O-O 8. a3 Bd6 9. f4 c5 10. cxd5 exd5 11. Bd3 cxd4 12. exd4 Qb6 13. Nb5 Bb8 14. a4 Ne4 15. a5 Qh6 16. Bxe4 dxe4 17. Qe2 Qh4+ 18. g3 Qd8 19. Nc3 Nf6 20. Be3 Bh3 21. Kf2 Qc8 22. Rhc1 Qf5 23. Kg1 a6 24. Na4 Bd6 25. Nb6 Rad8 26. Ra4 Qe6 27. Rac4 Nd5 28. Nxd5 Qxd5 29. Bf2 f6 30. Ng4 Bxg4 31. Qxg4 f5 32. Qd1 Qxa5 33. d5 Qb5 34. b3 Ba3 35. R1c2 Rxd5 36. Qa1 Be7 37. Bd4 Rfd8 38. Rc8 Bf8 39. Rxd8 Rxd8 40. Rc7 Qxb3 0-1

[Event "23rd ETCC Women 2021"]
[Site "Catez"]
[Date "2021.11.13"]
[Round "2.18"]
[White "Mammadova, Gulnar"]
[Black "Agrest, Inna"]
[Result "1-0"]
[ECO "C45"]
[WhiteElo "2395"]
[BlackElo "2258"]
[Annotator "ChessBase"]
[PlyCount "173"]
[EventDate "2021.11.08"]
[EventType "team-tourn"]
[EventCountry "SLO"]
[SourceTitle "playchess.com"]
[Source "ChessBase"]
[SourceQuality "1"]
[WhiteTeam "Azerbaijan"]
[BlackTeam "Sweden"]
[WhiteTeamCountry "AZE"]
[BlackTeamCountry "SWE"]
[TimeControl "40/5400+30:1800+30"]

1. e4 e5 2. Nf3 Nc6 3. d4 exd4 4. Nxd4 Nf6 5. Nxc6 bxc6 6.
e5 Qe7 7. Qe2 Nd5 8. c4 Ba6 9. b3 Qh4 10. a3 Nf4 11. Qe4 Ng6 12. Qxh4 Nxh4 13. Kd1 Be7 14. g3 Ng6 15. Bb2 O-O 16. f4 d6 17. Bg2 Rab8 18.
Kc2 Bc8 19. Nd2 dxe5 20. fxe5 Bf5+ 21. Be4 Bxe4+ 22. Nxe4 Rfe8 23. Rhe1 Rbd8 24. Nd2 Nf8 25. b4 Ne6 26. c5 h5 27. Nb3 Rd5 28. Bc3 h4 29. Na5 Nd8 30. gxh4 Bxh4 31. Re4 Bg5 32. h4 f5 33. Rc4 Be3 34. Rf1 f4 35. Re4 Re6 36. Nc4 Rg6 37. Nxe3 fxe3 38. Rxe3 Rg2+ 39. Kb3 Ne6 40. h5 Rh2 41. Rf5 a5 42. Rg3 axb4 43.
axb4 Kh7 44. Ka3 Rd8 45. Kb3 Rd7 46. Rgf3 Kg8 47. Rg3 Kh7 48. Re3 Kg8 49. Rf1 Rxh5 50. Ra1 Rh6 51. Ra6 Kf7 52. Ka3 Nd8 53. Rg3 Ke8 54. Ka4 Nb7 55. Ra8+ Nd8 56. Rc8 Kf7 57. Rxg7+ Ke6 58. Rg8 Rd3 59. Rgxd8 Rxc3 60. Rxc7 Kxe5 61.
Re7+ Kf5 62. Rf8+ Kg4 63. Rg7+ Kh3 64. Rff7 Re6 65. Rg8 Rh6 66. Rf1 Kh2 67. Rf2+ Kh1 68. Rd8 Kg1 69. Rb2 Rc1 70. Ka5 Kf1 71. Kb6 Ke1 72. Rd6 Rh8 73. Kxc6 Ra1 74. Kb5 Rb8+ 75. Rb6 Rh8 76. Rg6 Kf1 77. c6 Rb8+ 78. Kc5 Rc1+ 79. Kd6 Rb5 80. Kd7 Rd5+ 81. Rd6 Rh5 82. b5 Rh7+ 83. Kc8 Rh8+ 84. Kb7 Ke1 85. c7 Rh7 86. b6 Rg7 87. Rh6 1-0

[Event "23rd ETCC Women 2021"]
[Site "Catez"]
[Date "2021.11.13"]
[Round "2.19"]
[White "Andric, Jelena"]
[Black "Balajayeva, Khanim"]
[Result "0-1"]
[ECO "A13"]
[WhiteElo "2041"]
[BlackElo "2369"]
[Annotator "NA"]
[PlyCount "80"]
[EventDate "2021.11.08"]
[EventType "team-tourn"]
[EventCountry "SLO"]
[SourceTitle "playchess.com"]
[Source "ChessBase"]
[SourceQuality "1"]
[WhiteTeam "Sweden"]
[BlackTeam "Azerbaijan"]
[WhiteTeamCountry "SWE"]
[BlackTeamCountry "AZE"]
[TimeControl "40/5400+30:1800+30"]

1. Nf3 Nf6 2. g3 d5 3. c4 e6 4. Bg2 dxc4 5. O-O Nbd7 6. Qa4 c5 7. Na3 a6 8. Ne5 Qc7 9. Naxc4 Rb8 10. Nxd7 Nxd7 11. Qa5 b6 12. Qc3 b5 13. Ne3 Bb7 14. Bxb7 Qxb7 15. f4 h5 16. Ng2 Be7 17. Qf3 Qxf3 18.
Rxf3 Bf6 19. Rb1 Ke7 20. b3 Nb6 21. f5 exf5 22. Rxf5 g6 23.
Rxf6 Kxf6 24. Bb2+ Ke7 25. Bxh8 Rxh8 26. d3 Re8 27. Kf2 Kd6 28. Nf4 a5 29. e3 Re7 30. Rc1 a4 31. bxa4 Nxa4 32. Ne2 Nb2 33.
Rb1 Nxd3+ 34. Kf3 Kc6 35. Nc3 b4 36. Ne2 Ne5+ 37. Kf4 Nc4 38.
Rb3 f6 39. h3 Nd2 40. g4 Re4+ 0-1

[Event "23rd ETCC Women 2021"]
[Site "Catez"]
[Date "2021.11.13"]
[Round "2.20"]
[White "Fataliyeva, Ulviyya"]
[Black "Zaritovskaja, Margarita"]
[Result "1-0"]
[ECO "B50"]
[WhiteElo "2309"]
[BlackElo "2040"]
[Annotator "NA"]
[PlyCount "91"]
[EventDate "2021.11.08"]
[EventType "team-tourn"]
[EventCountry "SLO"]
[SourceTitle "playchess.com"]
[Source "ChessBase"]
[SourceQuality "1"]
[WhiteTeam "Azerbaijan"]
[BlackTeam "Sweden"]
[WhiteTeamCountry "AZE"]
[BlackTeamCountry "SWE"]
[TimeControl "40/5400+30:1800+30"]

1. e4 c5 2. Nf3 d6 3. c3 Nf6 4. Bd3 g6 5. O-O Bg7 6. Bc2 O-O 7. d4 cxd4 8.
cxd4 Nc6 9. Nc3 Bg4 10. Be3 Nd7 11. Qd2 Nb6 12. Bb3 Na5 13.
Qd3 Nxb3 14. axb3 Bxf3 15. gxf3 Qd7 16. Kg2 f5 17. h3 f4 18. Bd2 d5 19. e5 Rf5 20. h4 a6 21. Rh1 Raf8 22. Rag1 e6 23.
Kf1 Qc7 24. Ne2 Nd7 25. h5 gxh5 26. Rh4 Qd8 27. Rxf4 Kh8 28.
Rxf5 Rxf5 29. Ng3 Rf7 30. Nxh5 Qh4 31. Ng3 Nf8 32. Rh1 Qe7 33. f4 Kg8 34. f5 exf5 35. Nxf5 Qe6 36. Nd6 Rc7 37. f4 Qg4 38. Rg1 Qd1+ 39. Kf2 Qc2 40. Qxc2 Rxc2 41. Ke2 Ne6 42. Kd3 Nxd4 43. Be3 Nf3 44. Kxc2 Nxg1 45. Bxg1 b5 46. Kd3 1-0

[Event "23rd ETCC Women 2021"]
[Site "Catez"]
[Date "2021.11.14"]
[Round "2.21"]
[White "Dolzhikova, Olga"]
[Black "Paehtz, Elisabeth"]
[Result "0-1"]
[ECO "C55"]
[WhiteElo "2187"]
[BlackElo "2485"]
[Annotator "ChessBase"]
[PlyCount "146"]
[EventDate "2021.11.08"]
[EventType "team-tourn"]
[EventCountry "SLO"]
[SourceTitle "playchess.com"]
[Source "ChessBase"]
[SourceQuality "1"]
[WhiteTeam "Norway"]
[BlackTeam "Germany"]
[WhiteTeamCountry "NOR"]
[BlackTeamCountry "GER"]
[TimeControl "40/5400+30:1800+30"]

1. e4 e5 2. Nf3 Nc6 3. Bc4 Nf6 4. d3 Be7 5. Bb3 O-O 6. Bg5 d6 7. c3 h6 8. Bh4 a5 9. Nbd2 Nh5 10. Bg3 Bg4 11. Nf1 Nf4 12. Bxf4 exf4 13. d4 Qd7 14. N1d2 Bh5 15. O-O Nd8 16. a4 Ne6 17. Qc2 g5 18.
Bc4 Kh8 19. Ne1 f5 20. f3 c6 21. Bd3 fxe4 22. Bxe4 Ng7 23. Nc4 Qc7 24. Bd3 Bf7 25. Rf2 Bf6 26. Nd2 d5 27. Bg6 Rae8 28. Nf1 Re6 29. Bxf7 Qxf7 30. Nd3 Rfe8 31. Nc5 R6e7 32. Rd1 b6 33. Nd3 Nf5 34. Qb3 Rb7 35. Rfd2 Kg7 36. Re1 Rxe1 37. Nxe1 Qe6 38. Nd3 Nd6 39. Qc2 Re7 40. Rd1 Qf5 41. Re1 Rxe1 42. Nxe1 Qc8 43. Nd3 c5 44. dxc5 bxc5 45. Nf2 c4 46. Ng4 Bd8 47. Qf2 Nf5 48. Qa7+ Qc7 49. Qxc7+ Bxc7 50. Nd2 h5 51. Nf2 Ne3 52. b3 Be5 53. bxc4 Bxc3 54. Nb3 dxc4 55. Nc1 Bb2 56. Ne2 Nd5 57. Kf1 Nb6 58. Ke1 Nxa4 59. Kd2 Nc5 60. Kc2 Be5 61. Nc3 Kg6 62. Nd5 Bd4 63. Nd1 Nd3 64. Nc7 Ne1+ 65. Kd2 Nxg2 66. Nb5 Bc5 67. Kc3 Ne3 68. Nb2 Bb4+ 69. Kd4 c3 70. Nxc3 Bxc3+ 71. Kxc3 Nf1 72. h3 Nh2 73. Nc4 Nxf3 0-1

[Event "23rd ETCC Women 2021"]
[Site "Catez"]
[Date "2021.11.13"]
[Round "2.22"]
[White "Heinemann, Josefine"]
[Black "Machlik, Monika"]
[Result "1-0"]
[ECO "B19"]
[WhiteElo "2336"]
[BlackElo "2096"]
[Annotator "NA"]
[PlyCount "109"]
[EventDate "2021.11.08"]
[EventType "team-tourn"]
[EventCountry "SLO"]
[SourceTitle "playchess.com"]
[Source "ChessBase"]
[SourceQuality "1"]
[WhiteTeam "Germany"]
[BlackTeam "Norway"]
[WhiteTeamCountry "GER"]
[BlackTeamCountry "NOR"]
[TimeControl "40/5400+30:1800+30"]

1. e4 c6 2. d4 d5 3. Nd2 dxe4 4. Nxe4 Bf5 5. Ng3 Bg6 6. h4 h6 7. Nf3 Nd7 8. h5 Bh7 9. Bd3 Bxd3 10. Qxd3 e6 11. Bd2 Ngf6 12. O-O-O Be7 13. Ne4 Nxe4 14. Qxe4 Nf6 15. Qe2 Qd5 16. Kb1 Qb5 17. c4 Qf5+ 18.
Ka1 Rd8 19. Be3 Ng4 20. Bc1 Qa5 21. Ne1 Nf6 22. g4 b5 23. c5 Nd5 24. f4 Nb4 25. a3 Nd5 26. g5 b4 27. Rh3 Qc7 28. g6 Bf6 29. f5 Qe7 30.
fxe6 fxe6 31. Nc2 O-O 32. Nxb4 Nxb4 33. axb4 Rxd4 34. Rxd4 Bxd4 35. Qc4 Qf6 36. Rd3 Rd8 37. Ka2 Kh8 38. Ra3 Qe7 39. Rf3 Bf6 40. Rd3 Rd5 41. Rxd5 exd5 42. Qa6 Qe6 43. b5 d4+ 44. Ka1 Bd8 45. Qxc6 Qe1 46. Kb1 Qe5 47. Qd7 Qe4+ 48. Ka2 Qe7 49. Qxe7 Bxe7 50. c6 Bd6 51. Kb3 Kg8 52. Kc4 Kf8 53. Kxd4 Ke7 54. Kd5 Bc7 55. Be3 1-0

[Event "23rd ETCC Women 2021"]
[Site "Catez"]
[Date "2021.11.14"]
[Round "2.23"]
[White "Machlik, Edit"]
[Black "Schneider, Jana"]
[Result "1/2-1/2"]
[ECO "E36"]
[WhiteElo "2087"]
[BlackElo "2269"]
[Annotator "ChessBase"]
[PlyCount "181"]
[EventDate "2021.11.08"]
[EventType "team-tourn"]
[EventCountry "SLO"]
[SourceTitle "playchess.com"]
[Source "ChessBase"]
[SourceQuality "1"]
[WhiteTeam "Norway"]
[BlackTeam "Germany"]
[WhiteTeamCountry "NOR"]
[BlackTeamCountry "GER"]
[TimeControl "40/5400+30:1800+30"]

1. d4 Nf6 2. c4 e6 3. Nc3 Bb4 4. Qc2 d5 5. a3 Bxc3+ 6. Qxc3 b6 7. Nf3 dxc4 8. Qxc4 Ba6 9. Qa4+ Qd7 10. Qc2 O-O 11. Bg5 c5 12. dxc5 bxc5 13. Rd1 Qc7 14. Bxf6 gxf6 15. e3 Bxf1 16. Rxf1 Nd7 17. Ke2 Rab8 18. Rd2 Ne5 19. Qc3 c4 20. Nxe5 fxe5 21. Rc1 Rfc8 22. Rdc2 Qd6 23. Rd2 Qa6 24. Ke1 Qb5 25. Qc2 Qc6 26. Kf1 Qa6 27. Kg1 c3 28. bxc3 Qxa3 29. c4 Qb4 30. Rdd1 Qc5 31. Qe4 Rb4 32. Qg4+ Kf8 33. Qg5 Rxc4 34. Rxc4 Qxc4 35. Qxe5 Qc2 36. Qd6+ Ke8 37. Qd7+ Kf8 38. Qd6+ Ke8 39. h3 a5 40. Qd7+ Kf8 41. Ra1 Ra8 42. Ra4 Qc5 43. Rf4 Qe7 44. Qc6 Rb8 45. Qc3 e5 46. Ra4 Rb1+ 47. Kh2 Rf1 48.
Rxa5 Rxf2 49. Rxe5 Rc2 50. Qd4 Qc7 51. Qf4 Rc4 52. Qh6+ Kg8 53.
Qg5+ Kf8 54. Qf6 Kg8 55. Qe7 Qxe7 56. Rxe7 Kf8 57. Ra7 Rc3 58. Ra8+ Ke7 59. Rh8 Rxe3 60. Rxh7 Kf6 61. Rh5 Kg6 62. Ra5 f5 63. Kg1 Re2 64. Kh2 Re3 65. h4 Rb3 66. g3 Rb2+ 67. Kh3 Rb3 68.
Ra6+ Kg7 69. Kg2 Rc3 70. Kf2 Rb3 71. Re6 Kf7 72. Re3 Rb1 73.
Ra3 Rb4 74. Ke3 Rc4 75. Rd3 Re4+ 76. Kf3 Ra4 77. Rd6 Kg7 78. Kg2 Ra3 79. h5 Rb3 80. Rg6+ Kf7 81. Ra6 Kg7 82. Kf2 Rc3 83. Re6 Ra3 84. Re3 Ra2+ 85. Kf3 Kh6 86. Kf4 Rf2+ 87. Rf3 Rxf3+ 88. Kxf3 Kxh5 89. Kf4 Kg6 90. g4 fxg4 91. Kxg4 1/2-1/2

[Event "23rd ETCC Women 2021"]
[Site "Catez"]
[Date "2021.11.14"]
[Round "2.24"]
[White "Lubbe, Melanie"]
[Black "Rodsmoen, Maud"]
[Result "1-0"]
[ECO "B48"]
[WhiteElo "2311"]
[BlackElo "1953"]
[Annotator "ChessBase"]
[PlyCount "99"]
[EventDate "2021.11.08"]
[EventType "team-tourn"]
[EventCountry "SLO"]
[SourceTitle "playchess.com"]
[Source "ChessBase"]
[SourceQuality "1"]
[WhiteTeam "Germany"]
[BlackTeam "Norway"]
[WhiteTeamCountry "GER"]
[BlackTeamCountry "NOR"]
[TimeControl "40/5400+30:1800+30"]

1. e4 c5 2. Nf3 e6 3. d4 cxd4 4. Nxd4 Nc6 5. Nc3 Qc7 6. Be3 a6 7. Bd3 Nf6 8. O-O Nxd4 9. Bxd4 e5 10. Be3 b5 11. Bg5 Bb7 12. Bxf6 gxf6 13. Qf3 Qb6 14. a4 b4 15. a5 Qe6 16. Na4 Rd8 17. Nb6 Bc5 18.
Bc4 Qe7 19. Rfd1 d6 20. Rd3 Rg8 21. Qf5 Rg6 22. h4 h6 23.
Rad1 Qc7 24. Bd5 Bc8 25. Nxc8 Qxc8 26. Qxc8 Rxc8 27. Bb7 Rc7 28. Bxa6 Bd4 29. Bb5+ Ke7 30. c3 bxc3 31. bxc3 Bxc3 32. Rxd6 Bxa5 33. Rd8 f5 34. exf5 Rb6 35. R8d5 Bc3 36. g4 Bd4 37. Rd2 Kf6 38. Kg2 Rc3 39. Bd3 Rbb3 40. Be4 Rc1 41. Rd6+ Ke7 42. Rxh6 Rb4 43. Ra6 Bb6 44. Bf3 Rcb1 45. g5 Rxh4 46. Kg3 Rd4 47. Rxd4 exd4 48. Be4 Rg1+ 49. Kf3 Rb1 50. Bxb1 1-0

[Event "23rd ETCC Women 2021"]
[Site "Catez"]
[Date "2021.11.13"]
[Round "2.25"]
[White "Danielian, Elina"]
[Black "Goossens, Hanne"]
[Result "1-0"]
[ECO "A48"]
[WhiteElo "2450"]
[BlackElo "2126"]
[Annotator "ChessBase"]
[PlyCount "87"]
[EventDate "2021.11.08"]
[EventType "team-tourn"]
[EventCountry "SLO"]
[SourceTitle "playchess.com"]
[Source "ChessBase"]
[SourceQuality "1"]
[WhiteTeam "Armenia"]
[BlackTeam "Belgium"]
[WhiteTeamCountry "ARM"]
[BlackTeamCountry "BEL"]
[TimeControl "40/5400+30:1800+30"]

1. d4 Nf6 2. Nf3 g6 3. Bg5 Bg7 4. Nbd2 c5 5. c3 d6 6. Bxf6 exf6 7. e3 O-O 8. g3 Nc6 9. Bg2 Qc7 10. O-O b6 11. Rc1 Ba6 12. Re1 Rac8 13.
b4 Qe7 14. Qb3 Bb7 15. a4 Rfd8 16. Rb1 Rc7 17. Qa2 Bc8 18. a5 Bd7 19. bxc5 bxc5 20. a6 Rb8 21. d5 Rxb1 22. Rxb1 Ne5 23. Rb8+ Bc8 24. Nxe5 fxe5 25. Bh3 f5 26. e4 Bf8 27. Qa5 Qf7 28. Nc4 Kg7 29. exf5 Bxf5 30. Bxf5 gxf5 31. Qxc7 Qxc7 32. Rb7 Qf7 33.
Rxf7+ Kxf7 34. Na5 Ke7 35. Nc6+ Kd7 36. Nxa7 Kc7 37. Nb5+ Kb6 38. a7 Kb7 39. c4 f4 40. gxf4 exf4 41. Kg2 Bg7 42. Kf3 Be5 43. Ke4 f3 44. h3 1-0

[Event "23rd ETCC Women 2021"]
[Site "Catez"]
[Date "2021.11.13"]
[Round "2.27"]
[White "Gaboyan, Susanna"]
[Black "Vanduyfhuys, Daria"]
[Result "1-0"]
[ECO "C00"]
[WhiteElo "2253"]
[BlackElo "1933"]
[Annotator "NA"]
[PlyCount "91"]
[EventDate "2021.11.08"]
[EventType "team-tourn"]
[EventCountry "SLO"]
[SourceTitle "playchess.com"]
[Source "ChessBase"]
[SourceQuality "1"]
[WhiteTeam "Armenia"]
[BlackTeam "Belgium"]
[WhiteTeamCountry "ARM"]
[BlackTeamCountry "BEL"]
[TimeControl "40/5400+30:1800+30"]

1. Nf3 d5 2. g3 Nf6 3. Bg2 e6 4. O-O Be7 5. d3 O-O 6. Nbd2 c5 7. e4 Nc6 8. Qe2 b5 9. e5 Nd7 10. Re1 Bb7 11. h4 h6 12. Nf1 a5 13.
N1h2 Re8 14. h5 a4 15. a3 Qc7 16. Ng4 Bf8 17. Bf4 Qa5 18. Qe3 Ne7 19. Nh4 Nf5 20. Nxf5 exf5 21. Nh2 d4 22. Qe2 Bxg2 23. Kxg2 Ra6 24. g4 fxg4 25. Nxg4 Rae6 26. Bg3 f6 27. f4 fxe5 28. fxe5 Bd6 29. Qf3 Nxe5 30. Bxe5 Bxe5 31. Qd5 Qd2+ 32. Kh3 Kh7 33. Rxe5 Rxe5 34. Nxe5 Qg5 35. Qe4+ Kg8 36. Re1 Qxh5+ 37. Kg3 Qg5+ 38. Kf3 Qh5+ 39. Kf2 Rf8+ 40. Kg2 Qg5+ 41. Qg4 Qd2+ 42. Re2 Qc1 43. Nf3 Rf4 44. Qg6 Rf8 45. Re7 Qxc2+ 46. Kh1 1-0

[Event "23rd ETCC Women 2021"]
[Site "Catez"]
[Date "2021.11.13"]
[Round "2.28"]
[White "Barbier, Astrid"]
[Black "Ghukasyan, Siranush"]
[Result "0-1"]
[ECO "C77"]
[WhiteElo "1915"]
[BlackElo "2168"]
[Annotator "NA"]
[PlyCount "65"]
[EventDate "2021.11.08"]
[EventType "team-tourn"]
[EventCountry "SLO"]
[SourceTitle "playchess.com"]
[Source "ChessBase"]
[SourceQuality "1"]
[WhiteTeam "Belgium"]
[BlackTeam "Armenia"]
[WhiteTeamCountry "BEL"]
[BlackTeamCountry "ARM"]
[TimeControl "40/5400+30:1800+30"]

1. e4 e5 2. Nf3 Nc6 3. Bb5 a6 4. Ba4 Nf6 5. d3 d6 6. c3 g6 7. O-O Bg7 8. Re1 O-O 9. Nbd2 b5 10. Bb3 Na5 11. Bc2 c5 12. a4 Bb7 13.
Nf1 Qc7 14. Be3 Nc6 15. Ng3 b4 16. h3 h6 17. Qd2 Kh7 18.
Rac1 Rad8 19. c4 Ne7 20. Nh2 Nfg8 21. Bd1 f5 22. f4 exf4 23. Bxf4 g5 24. exf5 gxf4 25. Nh5 Bd4+ 26. Kh1 Be3 27. Rxe3 fxe3 28. Qxe3 Nxf5 29. Qd2 Qe7 30. Bg4 Qg5 31. Qxg5 hxg5 32. Nf3 Bxf3 33. Bxf3 0-1

[Event "23rd ETCC Women 2021"]
[Site "Catez"]
[Date "2021.11.13"]
[Round "2.29"]
[White "Stojkovska, Monika"]
[Black "Brunello, Marina"]
[Result "1/2-1/2"]
[ECO "D10"]
[WhiteElo "2066"]
[BlackElo "2359"]
[Annotator "NA"]
[PlyCount "93"]
[EventDate "2021.11.08"]
[EventType "team-tourn"]
[EventCountry "SLO"]
[SourceTitle "playchess.com"]
[Source "ChessBase"]
[SourceQuality "1"]
[WhiteTeam "Macedonia"]
[BlackTeam "Italy"]
[WhiteTeamCountry "MKD"]
[BlackTeamCountry "ITA"]
[TimeControl "40/5400+30:1800+30"]

1. d4 d5 2. c4 c6 3. cxd5 cxd5 4. Bf4 Nf6 5. Nc3 a6 6. e3 Nc6 7. Bd3 Bg4 8. Nge2 e6 9. O-O Be7 10. f3 Bh5 11. Rc1 O-O 12. Na4 Nd7 13.
Qb3 Ra7 14. Bg3 Bg6 15. Nf4 Na5 16. Qc2 Nc4 17. Qe2 b5 18.
Nxg6 hxg6 19. Nc3 Ndb6 20. b3 Nd6 21. Qb2 Qd7 22. Ne2 Raa8 23.
Rc2 Rfc8 24. Rfc1 Rxc2 25. Rxc2 b4 26. Qc1 Nb5 27. Bxb5 axb5 28. Nf4 Rc8 29. Nd3 Rxc2 30. Qxc2 Nc8 31. Be1 Nd6 32. Bxb4 Nf5 33. Ne5 Qb7 34. Bd2 Bd6 35. Qc6 Qb8 36. Ng4 b4 37. Qc2 g5 38. Qc1 Nh4 39. Be1 f5 40. Bxh4 gxh4 41. Nf2 Bxh2+ 42. Kh1 Bd6 43. Qc6 Qc7 44. Qe8+ Kh7 45. Qh5+ Kg8 46. Qe8+ Kh7 47. Qh5+ 1/2-1/2

[Event "23rd ETCC Women 2021"]
[Site "Catez"]
[Date "2021.11.13"]
[Round "2.30"]
[White "Sedina, Elena"]
[Black "Bejatovic, Bojana"]
[Result "1-0"]
[ECO "C42"]
[WhiteElo "2263"]
[BlackElo "2031"]
[Annotator "NA"]
[PlyCount "43"]
[EventDate "2021.11.08"]
[EventType "team-tourn"]
[EventCountry "SLO"]
[SourceTitle "playchess.com"]
[Source "ChessBase"]
[SourceQuality "1"]
[WhiteTeam "Italy"]
[BlackTeam "Macedonia"]
[WhiteTeamCountry "ITA"]
[BlackTeamCountry "MKD"]
[TimeControl "40/5400+30:1800+30"]

1. e4 e5 2. Nf3 Nf6 3. Nxe5 d6 4. Nf3 Nxe4 5. Bd3 Nf6 6.
O-O Be7 7. h3 O-O 8. c3 Nbd7 9. Bc2 Re8 10. Re1 Nf8 11. d4 Ng6 12. Nbd2 Nf4 13. Nf1 N6h5 14. Ng3 Qd7 15. Nxh5 Nxg2 16. Qd3 g6 17. Rxe7 Qxe7 18. Bg5 Qe6 19. Nf6+ Kh8 20. d5 Qxh3 21. Nxe8 f6 22. Qd4 1-0

[Event "23rd ETCC Women 2021"]
[Site "Catez"]
[Date "2021.11.13"]
[Round "2.31"]
[White "Nikolovska, Dragana"]
[Black "Gueci, Tea"]
[Result "0-1"]
[ECO "B22"]
[WhiteElo "1877"]
[BlackElo "2242"]
[Annotator "NA"]
[PlyCount "74"]
[EventDate "2021.11.08"]
[EventType "team-tourn"]
[EventCountry "SLO"]
[SourceTitle "playchess.com"]
[Source "ChessBase"]
[SourceQuality "1"]
[WhiteTeam "Macedonia"]
[BlackTeam "Italy"]
[WhiteTeamCountry "MKD"]
[BlackTeamCountry "ITA"]
[TimeControl "40/5400+30:1800+30"]

1. e4 c5 2. c3 d5 3. exd5 Qxd5 4. d4 Nc6 5. Nf3 Bf5 6. Na3 cxd4 7. cxd4 e6 8. Nb5 O-O-O 9. Be2 a6 10. Nc3 Bb4 11. O-O Qa5 12. Bf4 Nge7 13. Rc1 f6 14. Qb3 g5 15. Bg3 Bd6 16. Bxd6 Rxd6 17. Na4 Kb8 18. a3 Qd8 19. Nc5 Na5 20. Qc3 Nd5 21. Qe1 Nc6 22. b4 g4 23. Nd2 Nxd4 24. Nc4 Nf4 25. Bd1 Rd5 26. a4 Nd3 27. Qe3 Nxc1 28.
Qxc1 Rg8 29. Na5 Rxc5 30. Qxc5 Qd5 31. Qxd5 exd5 32. Nb3 Nc6 33. b5 axb5 34. axb5 Ne5 35. Re1 Rc8 36. Nd4 Bd3 37. Bb3 Be4 0-1

[Event "23rd ETCC Women 2021"]
[Site "Catez"]
[Date "2021.11.13"]
[Round "2.32"]
[White "Movileanu, Daniela"]
[Black "Manova, Ivana"]
[Result "0-1"]
[ECO "C91"]
[WhiteElo "2214"]
[BlackElo "1809"]
[Annotator "ChessBase"]
[PlyCount "110"]
[EventDate "2021.11.08"]
[EventType "team-tourn"]
[EventCountry "SLO"]
[SourceTitle "playchess.com"]
[Source "ChessBase"]
[SourceQuality "1"]
[WhiteTeam "Italy"]
[BlackTeam "Macedonia"]
[WhiteTeamCountry "ITA"]
[BlackTeamCountry "MKD"]
[TimeControl "40/5400+30:1800+30"]

1. e4 e5 2. Nf3 Nc6 3. Bb5 a6 4. Ba4 Nf6 5. O-O Be7 6. Re1 b5 7. Bb3 d6 8. c3 O-O 9. d4 Bg4 10. d5 Na5 11. Bc2 Qc8 12. h3 Bd7 13.
Nbd2 c6 14. dxc6 Qxc6 15. Nf1 Rfc8 16. Bb1 Nb7 17. Ng3 g6 18. Bg5 Nc5 19. Nh2 Ne6 20. Bh6 a5 21. a3 Qb7 22. Bd2 Nc5 23.
Bc2 Be6 24. Bg5 Ra6 25. Qf3 Ne8 26. Bxe7 Qxe7 27. Ng4 Bxg4 28. Qxg4 Ne6 29. Nf5 Qf8 30. Ne3 Nf6 31. Qe2 Rb6 32. g3 Nc5 33. Red1 Qe8 34. Nd5 Nxd5 35. Rxd5 b4 36. axb4 axb4 37. cxb4 Rxb4 38. Rxd6 Rxb2 39. Qd1 Ne6 40. Ba4 Qe7 41. Rd2 Rxd2 42. Qxd2 Nd4 43. Bd1 Qb7 44. Qd3 Qb4 45. Bg4 Rc2 46. Qa6 Kg7 47. Qa8 Qd2 48. Rf1 h5 49. Bd1 Rc1 50. Qa4 Qd3 51. Qa5 Nf3+ 52. Kg2 Rxd1 53. Rxd1 Qxd1 54. Qc3 Ne1+ 55. Kh2 Nd3 0-1